Map: Blackpink LE

Players

Scarlett

  • Race: Zerg Zerg
  • League: Master
  • Spawn Location: 7:00

Stats - Winner!

  • Race: Protoss Protoss
  • League: Master
  • Spawn Location: 1:00

Event: Memes & Dreams Invitational

VOD

Have the link to the VOD?

Description

Time

  • Played on: April 13, 2018, 3:44 a.m.
  • Length: 16:57

All games in this series

Show
View Real Time Build Order
Export as new Build Order

Scarlett Zerg 

Build Orders: Hatch First, Muta Ling Bane 

Get SALT Encoding   

  12  0:00  Drone  
  13  0:12  Overlord  
  13  0:17  Drone  
  14  0:30  Drone  
  14  0:31  Drone  
  16  0:48  Hatchery  
  15  0:50  Drone  
  15  0:54  Drone  
  17  0:57  Drone  
  17  0:59  Extractor  
  17  1:13  Spawning Pool  
  17  1:16  Drone  
  17  1:21  Drone  
  18  1:30  Drone  
  19  1:42  Overlord  
  19  1:52  Drone  
  20  1:59  Queen  
  20  2:01  Metabolic Boost  
  22  2:02  Queen  
  22  2:06  Zergling x2  
  25  2:11  Zergling x2  
  25  2:12  Zergling x2  
  25  2:15  Zergling x2  
  28  2:24  Zergling x4  
  30  2:33  Zergling x4  
  32  2:50  Hatchery  
  31  2:52  Overlord  
  31  2:54  Zergling x2  
  31  2:55  Zergling x4  
  34  3:06  Zergling x4  
  34  3:10  Zergling x6  
  38  3:15  Zergling x4  
  39  3:20  Zergling x4  
  41  3:30  Zergling x4  
  42  3:34  Drone  
  42  3:39  Drone  
  41  3:43  Drone x3  
  41  3:44  Drone  
  41  3:53  Overlord  
  39  3:58  Drone, Queen  
  39  4:02  Drone  
  42  4:04  Drone  
  42  4:06  Drone  
  42  4:07  Drone  
  43  4:13  Drone x2  
  43  4:14  Drone  
  43  4:17  Drone  
  47  4:19  Drone  
  48  4:25  Spore Crawler  
  48  4:27  Queen  
  48  4:28  Drone  
  50  4:35  Overlord  
  50  4:37  Drone x3  
  53  4:40  Drone x2  
  53  4:44  Spore Crawler  
  54  4:50  Queen  
  54  4:52  Spore Crawler  
  55  4:55  Extractor, Evolution Chamber  
  55  4:56  Drone  
  54  5:00  Drone x2  
  54  5:03  Overlord  
  56  5:07  Overlord  
  56  5:09  Drone  
  57  5:15  Drone  
  57  5:18  Overlord  
  57  5:21  Queen  
  60  5:22  Zerg Melee Weapons Level 1  
  60  5:24  Drone  
  60  5:26  Drone  
  62  5:33  Queen  
  64  5:37  Drone x5  
  67  5:45  Drone x5  
  70  5:53  Baneling Nest  
  70  5:56  Drone, Overlord  
  70  5:57  Drone x2  
  72  6:02  Drone x2  
  74  6:06  Drone x2  
  74  6:07  Drone  
  74  6:10  Drone  
  74  6:11  Overlord  
  78  6:13  Overlord  
  78  6:16  Lair  
  78  6:17  Drone  
  78  6:19  Drone  
  78  6:20  Drone  
  78  6:22  Extractor  
  78  6:23  Extractor  
  78  6:25  Queen  
  78  6:26  Drone  
  78  6:27  Drone  
  78  6:31  Drone  
  78  6:32  Drone x2  
  85  6:35  Zergling x2  
  85  6:36  Extractor, Zergling x4  
  86  6:41  Zergling x10  
  91  6:47  Zergling x6  
  91  6:48  Zergling x4  
  96  6:56  Baneling x9, Roach Warren  
  96  6:57  Zergling x4  
  96  7:00  Zergling x4  
  96  7:01  Zergling x2  
  100  7:04  Zergling x6  
  100  7:07  Baneling  
  100  7:08  Baneling x2  
  103  7:09  Zergling x4  
  105  7:22  Zergling x12  
  81  7:39  Zergling x14  
  76  7:44  Zergling x4  
  76  7:45  Zergling x2  
  76  7:46  Queen x2  
  76  7:49  Roach  
  76  7:50  Roach x2  
  86  7:51  Roach  
  86  7:52  Roach  
  86  7:53  Roach  
  86  7:55  Roach x3  
  91  8:07  Roach x3  
  91  8:09  Baneling  
  91  8:10  Baneling x4  
  91  8:11  Baneling  
  95  8:20  Drone  
  95  8:21  Drone x5  
  95  8:22  Extractor  
  95  8:24  Zerg Melee Weapons Level 2  
  95  8:26  Drone  
  95  8:27  Drone x2  
  103  8:28  Spire  
  102  8:37  Drone  
  103  8:44  Hatchery  
  103  8:46  Glial Reconstitution  
  102  8:54  Overseer  
  102  8:55  Roach  
  104  8:56  Overlord x4  
  104  8:58  Centrifical Hooks  
  100  9:26  Overlord x3  
  100  9:27  Roach x4  
  105  9:33  Drone  
  105  9:34  Drone x8  
  114  9:42  Extractor, Mutalisk  
  114  9:43  Mutalisk x2, Extractor  
  118  9:48  Mutalisk  
  118  9:49  Mutalisk, Hatchery  
  121  9:55  Mutalisk  
  121  9:56  Mutalisk x2  
  125  10:02  Mutalisk x3  
  125  10:06  Overlord  
  131  10:11  Roach x3  
  137  10:15  Roach  
  137  10:16  Roach x2  
  137  10:18  Roach  
  147  10:28  Roach  
  147  10:29  Roach x5  
  147  10:34  Roach  
  147  10:35  Roach x3  
  163  10:42  Baneling x3  
  159  10:43  Baneling x6  
  159  10:45  Roach x2  
  159  10:47  Zergling x2, Roach  
  159  10:48  Zergling x4  
  167  10:51  Roach x2  
  154  10:58  Roach  
  154  10:59  Roach x3  
  144  11:08  Roach  
  144  11:09  Roach x3  
  96  11:20  Drone  
  96  11:21  Drone x4  
  95  11:31  Drone x5  
  91  11:47  Drone x5  
  95  11:59  Drone x3  
  95  12:00  Drone x3  
  100  12:03  Zerg Missile Weapons Level 1  
  98  12:18  Roach x7  
  98  12:19  Roach  
  98  12:22  Queen  
  116  12:27  Drone  
  116  12:29  Zergling x2  
  119  12:30  Zergling x2  
  119  12:32  Roach x2  
  121  12:50  Drone x11  
  131  12:57  Hatchery  
  130  13:03  Roach x4  
  130  13:05  Zergling x4  
  140  13:14  Zergling x2  
  140  13:15  Zergling x6  
  144  13:24  Drone  
  144  13:25  Hydralisk Den  
  144  13:26  Corruptor x3  
  146  13:28  Corruptor  
  146  13:32  Corruptor  
  145  13:39  Overlord x3  
  143  13:41  Overlord  
  143  13:44  Drone  
  143  13:45  Drone x3  
  141  14:05  Zergling x26  
  141  14:08  Ravager x14  
  168  14:13  Zerg Missile Weapons Level 2  
  168  14:15  Ravager x6  
  168  14:16  Zergling x2  
  171  14:38  Drone x4  
  171  14:40  Ravager  
  171  14:41  Ravager x6  
  171  14:42  Zergling x10  
  171  14:43  Zergling x14  
  191  14:47  Overlord x2  
  191  14:49  Baneling x3  
  191  14:50  Baneling  
  191  14:53  Baneling x5  
  191  14:54  Baneling  
  190  15:00  Baneling x4  
  190  15:03  Overseer  
  190  15:11  Zergling x4  
  190  15:12  Zergling x12  
  190  15:13  Baneling  
  190  15:14  Baneling x6  
  193  15:25  Baneling x7  
  190  15:39  Baneling x9  
  189  15:50  Zergling x20  
  198  15:59  Baneling x12  
  193  16:17  Zergling x2  
  193  16:18  Zergling x24  
  144  16:35  Zergling x20  
Show
View Real Time Build Order
Export as new Build Order

Stats Protoss - Winner!

Build Orders: 1 Gate Expand, Oracle Opening, Archon Immortal, Zealot Archon, Archon Drop 

Get SALT Encoding   

  12  0:00  Probe  
  13  0:12  Probe  
  14  0:20  Pylon  
  14  0:25  Probe  
  15  0:38  Probe (Chrono Boost)  
  16  0:44  Gateway  
  16  0:47  Probe (Chrono Boost), Assimilator  
  17  0:52  Probe (Chrono Boost)  
  19  1:04  Probe  
  19  1:16  Probe  
  20  1:23  Nexus  
  20  1:31  Cybernetics Core  
  20  1:35  Probe  
  21  1:42  Assimilator  
  21  1:47  Probe  
  21  1:52  Pylon  
  22  2:00  Probe  
  23  2:08  Adept (Chrono Boost)  
  23  2:12  Probe  
  26  2:19  Stargate  
  26  2:24  Probe (Chrono Boost)  
  26  2:26  Adept (Chrono Boost)  
  29  2:33  Warp Gate  
  29  2:35  Probe (Chrono Boost)  
  31  2:43  Probe (Chrono Boost)  
  32  2:45  Probe (Chrono Boost), Adept  
  32  2:49  Probe (Chrono Boost)  
  32  2:50  Probe (Chrono Boost)  
  36  3:01  Probe  
  36  3:02  Probe  
  38  3:06  Oracle (Chrono Boost)  
  41  3:14  Probe x2  
  43  3:22  Gateway  
  43  3:26  Probe x2  
  44  3:29  Pylon  
  43  3:44  Oracle (Chrono Boost)  
  45  3:58  Shield Battery  
  45  4:00  Gateway  
  43  4:04  Shield Battery  
  43  4:06  Probe  
  43  4:07  Probe  
  45  4:13  Pylon  
  45  4:16  Phoenix (Chrono Boost)  
  45  4:19  Probe  
  45  4:23  Probe  
  49  4:28  Robotics Facility  
  49  4:31  Probe  
  50  4:32  Assimilator  
  50  4:35  Probe, Assimilator  
  51  4:38  Twilight Council  
  51  4:43  Probe  
  52  4:47  Probe  
  53  4:56  Probe  
  53  4:59  Probe  
  55  5:00  Gateway  
  55  5:01  Gateway  
  55  5:08  Gateway  
  55  5:09  Gateway  
  55  5:10  Pylon  
  55  5:12  Warp Prism (Chrono Boost)  
  55  5:21  Templar Archives  
  57  5:30  Probe  
  57  5:34  Zealot x2  
  62  5:45  Charge (Chrono Boost)  
  62  5:48  Pylon  
  62  5:53  Pylon  
  62  5:54  Pylon  
  62  5:59  Zealot x2  
  66  6:07  High Templar x3  
  72  6:12  High Templar  
  72  6:13  Archon  
  71  6:19  Archon  
  71  6:21  Zealot x2  
  71  6:25  Pylon  
  75  6:27  Pylon  
  75  6:29  Probe x2  
  77  6:35  Pylon  
  77  6:40  Zealot  
  77  6:44  Nexus  
  77  6:45  Pylon  
  79  6:59  Zealot x3, High Templar x2  
  79  7:00  Zealot  
  91  7:03  Archon  
  91  7:08  Probe  
  91  7:09  Probe, Observer  
  91  7:15  Forge  
  90  7:28  Zealot x4  
  88  7:31  Zealot  
  88  7:36  Protoss Ground Weapons Level 1 (Chrono Boost), Warp Prism  
  84  7:40  Zealot  
  78  7:46  Probe x2  
  80  7:56  Zealot x3, High Templar x2  
  91  7:58  Probe x2  
  92  8:08  Archon, Zealot  
  94  8:13  Observer  
  94  8:15  Probe x2  
  94  8:16  Probe, Immortal (Chrono Boost)  
  94  8:18  Zealot x3  
  105  8:22  Observer  
  105  8:24  Assimilator  
  105  8:25  Assimilator  
  105  8:27  Probe  
  105  8:28  Probe x2, Observer  
  108  8:39  High Templar x4  
  108  8:40  Zealot x2  
  120  8:47  Psionic Storm  
  124  8:48  Immortal  
  124  9:04  Pylon  
  124  9:05  Pylon  
  124  9:07  Pylon  
  124  9:10  Gateway  
  124  9:11  Gateway  
  124  9:25  Immortal (Chrono Boost)  
  124  9:30  Protoss Ground Weapons Level 2  
  128  9:32  Zealot x6  
  140  9:42  Photon Cannon  
  140  9:43  Pylon  
  140  9:45  Probe x3  
  143  9:57  Immortal  
  147  10:07  Nexus  
  147  10:08  Pylon  
  145  10:32  Stalker x4  
  145  10:33  Stalker x3  
  145  10:34  Stalker  
  161  10:36  Photon Cannon  
  161  10:39  Photon Cannon  
  147  10:59  Stalker x5  
  147  11:00  Stalker  
  151  11:09  Stalker x2  
  129  11:15  Immortal (Chrono Boost)  
  98  11:26  Phoenix (Chrono Boost)  
  87  11:35  Probe x3  
  88  11:41  High Templar x3  
  93  11:47  Phoenix, Archon  
  93  11:50  Probe  
  93  11:54  Probe  
  97  11:57  Probe  
  95  12:06  Immortal (Chrono Boost)  
  95  12:08  Probe  
  98  12:12  Probe  
  98  12:13  Probe  
  100  12:18  Phoenix (Chrono Boost)  
  102  12:27  Probe x3  
  102  12:29  High Templar x2  
  109  12:33  Archon  
  109  12:45  Phoenix (Chrono Boost)  
  106  12:55  Probe x3 (Chrono Boost)  
  106  12:56  Probe (Chrono Boost)  
  110  13:06  Immortal (Chrono Boost), Probe x4 (Chrono Boost)  
  118  13:16  Probe x4  
  122  13:33  Probe x4  
  126  13:35  Immortal (Chrono Boost)  
  126  13:40  Oracle (Chrono Boost)  
  130  13:42  High Templar x2  
  130  13:45  Probe x4  
  130  13:48  Archon  
  141  13:55  Assimilator  
  141  13:57  Assimilator, Zealot x2, High Templar x2  
  141  13:58  Protoss Ground Weapons Level 3  
  149  14:05  Probe x3  
  149  14:06  Probe, Pylon  
  153  14:10  Immortal (Chrono Boost)  
  152  14:47  Photon Cannon, High Templar  
  152  14:48  Photon Cannon, High Templar x3  
  152  14:49  Zealot x4  
  168  14:58  Immortal (Chrono Boost)  
  170  15:04  Archon  
  168  15:16  Fleet Beacon  
  168  15:22  High Templar  
  168  15:25  Zealot x6, High Templar  
  182  15:43  Immortal  
  186  15:51  High Templar x2  
  186  15:52  Zealot x3  
  196  16:03  Pylon  
  195  16:22  Pylon  
  195  16:24  Pylon  
  195  16:26  Pylon  
  195  16:31  Archon  
  181  16:37  Zealot x4  
Tags
 
Add a new tag
Caveats
  • Supply blocks, unpowered buildings, or Contaminate may cause inaccurate times.
  • Supply counts are checked every 10 seconds.